 Dungeon Crawl Stone Soup version 0.28.0-53-g5a82cb258f (webtiles) character file.

Game seed: 10690113123619329543

585825 Gabide the Swordmaster (level 27, 0/224 HPs)
             Began as a Barachi Delver on May 27, 2022.
             Was a Priest of Elyvilon.
             Slain by an Orb Guardian (51 damage)
             ... on level 4 of the Realm of Zot on May 28, 2022.
             The game lasted 03:17:31 (94035 turns).

Gabide the Swordmaster (Barachi Delver)            Turns: 94035, Time: 03:17:32

Health: 0/224      AC: 18    Str: 21 (23) XL:     27
Magic:  35/38      EV: 36    Int:  9      God:    Elyvilon [***...]
Gold:   4827       SH:  0    Dex: 18      Spells: 26/26 levels left

rFire   + + .      SeeInvis .   (weapon currently unavailable)
rCold   + + .      Faith    .   (shield currently unavailable)
rNeg    + + +      Spirit   .   (armour currently unavailable)
rPois   ∞          Reflect  .   (helmet currently unavailable)
rElec   +          Harm     .   (cloak currently unavailable)
rCorr   +          Rampage  .   (gloves currently unavailable)
Will    ++...                   (boots currently unavailable)
Stlth   +++.......              (amulet currently unavailable)
HPRegen 0.00/turn               (ring currently unavailable)
MPRegen 0.26/turn               (ring currently unavailable)

@: wisp-form, flying, inhibited regen, hasted, studying 3 skills, invisible,
unable to read, very quick
A: insubstantial, flying, no casting, (amphibious), tiny, (slowness 1), (strong
legs 2), +LOS, deterioration 2, dopey 1, inhibited regeneration, inability to
read while threatened
}: 3/15 runes: serpentine, barnacled, silver
a: Renounce Religion, Purification, Heal Other, Heal Self


You were on level 4 of the Realm of Zot.
You worshipped Elyvilon.
Elyvilon was most pleased with you.
You were an insubstantial wisp.
You visited 9 branches of the dungeon, and saw 48 of its levels.
You also visited: Trove and Gauntlet.

You collected 8504 gold pieces.
You spent 3677 gold pieces at shops.

Inventory:

Hand Weapons
 a - a +9 vorpal triple sword (melded)
 b - the +7 triple crossbow "Zuesterch" {speed, Str+2}
   (You found it on level 3 of the Elven Halls)

   Attacks with this weapon are significantly faster.
   Str:       It affects your strength (+2).
 p - a +9 great sword of flaming
Missiles
 c - 1279 bolts
Armour
 n - the +3 pair of seven-league boots (melded) {Rampage+∞}
   (You acquired it on level 5 of the Vaults)

   Its wearer moves as far as possible in that direction when moving towards
   enemies.
 r - the +1 helmet of Ophenec (melded) {rElec Will++}
   (You bought it in a shop on level 7 of the Dungeon)

   rElec:     It insulates you from electricity.
   Will:      It greatly increases your willpower.
 y - a +2 pair of boots
 G - a scarf of resistance (melded)
 J - the +8 orange crystal plate armour (melded) {Archmagi, Int+3 Clar}
   (You found it on level 3 of the Elven Halls)

   Int:       It affects your intelligence (+3).
   Clar:      It protects you against confusion.
 N - a +2 pair of gloves of hurling (melded)
Jewellery
 k - the ring of Ychyqen (melded) {rPois rF+ Str+3 Dex+6}
   (You found it on level 6 of the Lair of Beasts)

   [ring of dexterity]

   Str:       It affects your strength (+3).
   Dex:       It affects your dexterity (+6).
   rF:        It protects you from fire.
   rPois:     It protects you from poison.
 l - a ring of protection from fire
 o - a ring of protection from cold
 C - the ring of the Ancients {rPois rC- Int+8 Slay+4}
   (You took it off a purple draconian on level 1 of the Realm of Zot)

   [ring of slaying]

   Int:       It affects your intelligence (+8).
   Slay:      It affects your accuracy & damage with ranged weapons and melee
   (+4).
   rC:        It makes you vulnerable to cold.
   rPois:     It protects you from poison.
 L - the ring "Eral" (melded) {Int+6 Dex+3 Slay+2 SInv}
   (You found it on level 3 of the Elven Halls)

   [ring of intelligence]

   Int:       It affects your intelligence (+6).
   Dex:       It affects your dexterity (+3).
   Slay:      It affects your accuracy & damage with ranged weapons and melee
   (+2).
   SInv:      It lets you see invisible.
 R - a ring of positive energy
 V - the amulet "Gearho Duwo" (melded) {Reflect Will+ Str+3 SH+5}
   (You bought it in a shop on level 2 of the Orcish Mines)

   [amulet of reflection]

   It reflects blocked missile attacks.
   Str:       It affects your strength (+3).
   SH:        It affects your SH (+5).
   Will:      It increases your willpower.
Wands
 g - a wand of digging (29)
 q - a wand of charming (4)
 v - a wand of acid (13) (quivered)
 A - a wand of mindburst (24)
 B - a wand of iceblast (18)
 H - a wand of paralysis (17)
 U - a wand of polymorph (21)
Scrolls
 d - 8 scrolls of magic mapping
 e - 7 scrolls of fear
 s - 6 scrolls of amnesia
 u - 20 scrolls of teleportation
 w - 6 scrolls of enchant armour
 x - 12 scrolls of fog
 z - 3 scrolls of enchant weapon
 E - 4 scrolls of blinking
 F - 15 scrolls of immolation
 K - 5 scrolls of holy word
 X - 4 scrolls of silence
Potions
 f - a potion of haste
 h - 4 potions of ambrosia
 i - a potion of invisibility
 j - a potion of resistance
 m - 3 potions of might
 t - 10 potions of flight
 I - a potion of cancellation
 M - a potion of berserk rage
 O - 12 potions of lignification
 P - 10 potions of magic
 Q - 5 potions of brilliance
 S - 10 potions of curing
 T - 7 potions of attraction
Miscellaneous
 Y - a tin of tremorstones (2/2)
 Z - a box of beasts


   Skills:
 - Level 20.0 Fighting
 O Level 27 Long Blades
 - Level 20.0 Crossbows
 + Level 19.0 Armour
 - Level 18.0 Dodging
 - Level 5.0 Stealth
 - Level 22.0 Invocations


You had 26 spell levels left.
You didn't know any spells.
Your spell library contained the following spells:

 Spells                   Type           Power      Damage    Failure   Level
 Magic Dart               Conj           0%         1d3       38%         1
 Sandblast                Erth           0%         2d4       38%         1
 Shock                    Conj/Air       0%         1d3       38%         1
 Sting                    Tmut/Pois      0%         1d3       38%         1
 Summon Small Mammal      Summ           0%         N/A       38%         1
 Blink                    Tloc           0%         N/A       52%         2
 Call Imp                 Summ           0%         N/A       52%         2
 Corpse Rot               Necr/Air       0%         N/A       52%         2
 Ensorcelled Hibernation  Hex/Ice        0%         N/A       52%         2
 Passwall                 Tmut/Erth      0%         N/A       52%         2
 Poisonous Vapours        Pois/Air       0%         N/A       52%         2
 Searing Ray              Conj           0%         2d4       52%         2
 Sublimation of Blood     Necr           0%         N/A       52%         2
 Call Canine Familiar     Summ           0%         N/A       77%         3
 Conjure Flame            Conj/Fire      0%         6-21      77%         3
 Dazzling Flash           Conj/Hex       0%         N/A       77%         3
 Gell's Gravitas          Tloc           0%         N/A       77%         3
 Ignite Poison            Fire/Tmut/Pois 0%         N/A       77%         3
 Inner Flame              Hex/Fire       0%         N/A       77%         3
 Lesser Beckoning         Tloc           0%         N/A       77%         3
 Mephitic Cloud           Conj/Pois/Air  0%         N/A       77%         3
 Spider Form              Tmut/Pois      0%         N/A       77%         3
 Stone Arrow              Conj/Erth      0%         3d7       77%         3
 Summon Guardian Golem    Hex/Summ       0%         N/A       77%         3
 Swiftness                Air            0%         N/A       77%         3
 Teleport Other           Tloc           0%         N/A       77%         3
 Airstrike                Air            0%         N/A       99%         4
 Animate Armour           Summ/Erth      0%         N/A       99%         4
 Cause Fear               Hex            0%         N/A       99%         4
 Fulminant Prism          Conj/Hex       0%         3d6       99%         4
 Hailstorm                Conj/Ice       0%         3d3       99%         4
 Ice Form                 Ice/Tmut       0%         N/A       99%         4
 Olgreb's Toxic Radiance  Pois           0%         N/A       99%         4
 Sticky Flame             Conj/Fire      0%         2d3       99%         4
 Summon Ice Beast         Ice/Summ       0%         N/A       99%         4
 Summon Lightning Spire   Summ/Air       0%         N/A       99%         4
 Agony                    Necr           0%         N/A       100%        5
 Excruciating Wounds      Necr           0%         N/A       100%        5
 Fireball                 Conj/Fire      0%         3d3       100%        5
 Freezing Cloud           Conj/Ice/Air   0%         6-21      100%        5
 Irradiate                Conj/Tmut      0%         3d13      100%        5
 Lee's Rapid Deconstruct  Erth           0%         3d5*      100%        5
 Lightning Bolt           Conj/Air       0%         1d11      100%        5
 Manifold Assault         Tloc           0%         N/A       100%        5
 Silence                  Hex/Air        0%         N/A       100%        5
 Summon Forest            Summ/Tloc      0%         N/A       100%        5
 Summon Mana Viper        Hex/Summ       0%         N/A       100%        5
 Conjure Ball Lightning   Conj/Air       0%         3x3d6     100%        6
 Eringya's Noxious Bog    Tmut/Pois      0%         N/A       100%        6
 Simulacrum               Ice/Necr       0%         N/A       100%        6
 Starburst                Conj/Fire      0%         6d3       100%        6
 Statue Form              Tmut/Erth      0%         N/A       100%        6
 Summon Cactus Giant      Summ           0%         N/A       100%        6
 Dragon Form              Tmut           0%         N/A       100%        7
 Malign Gateway           Summ/Tloc      0%         N/A       100%        7
 Monstrous Menagerie      Summ           0%         N/A       100%        7
 Ozocubu's Refrigeration  Ice            0%         4d5       100%        7
 Storm Form               Tmut/Air       0%         N/A       100%        7
 Discord                  Hex            0%         N/A       100%        8
 Ignition                 Fire           0%         3d3       100%        8
 Lehudib's Crystal Spear  Conj/Erth      0%         10d2      100%        8
 Dragon's Call            Summ           0%         N/A       100%        9
 Polar Vortex             Ice            0%         N/A       100%        9


Dungeon Overview and Level Annotations

Branches:
Dungeon (15/15)            Temple (0/1) D:6            Lair (6/6) D:9
 Shoals (4/4) Lair:3        Snake (4/4) Lair:3        Slime (0/5) Lair:6
    Orc (2/2) D:9             Elf (3/3) Orc:2        Vaults (5/5) D:14
  Crypt (0/3) Vaults:3     Depths (4/4) D:15            Zot (5/5) Depths:4
Gauntlet (visited)

Altars:
Ashenzari
Elyvilon
Kikubaaqudgha
Okawaru
Trog
Wu Jian
Xom
Zin
The Shining One
Beogh
Lugonu

Shops:
D:2 (   D:6 [[:[   D:7 [   D:8 ?:**?   Orc:2 =(**   Elf:2 *:   Snake:3 (([(?
Vaults:2 ?   Vaults:3 (   Vaults:4 (   Vaults:5 [   Depths:1 [*[=
Depths:2 ::[:[   Depths:4 [

Portals:
Hell: Depths:1 Depths:2 Depths:3 Depths:4
Abyss: Lair:6 Depths:2 Depths:3 Depths:4
Pandemonium: Depths:2
Ziggurat: Depths:3

Annotations:
D:10 3 runed translucent doors, gabibbone's ghost, novice PaFi
Shoals:1 2 transporters, Tang's ghost, adept TeAE
Shoals:2 2 transporters, Woutahasch's ghost, journeyman HOFi
Shoals:4 Roxanne
Elf:3 3 runed translucent doors, Sobaton's ghost, adept MiFi
Depths:2 2 transporters, Tyrchim's ghost, legendary MiBe
Depths:4 6 runed translucent doors
Zot:2 3 runed translucent doors, wilo's ghost, master MfBe


Innate Abilities, Weirdness & Mutations

You are an insubstantial wisp.
Your tiny insubstantial body is highly resistant to most damage types.
You are flying.
Your equipment is entirely melded.
You are incapable of wielding weapons or throwing items.
You cannot cast spells.
((You are amphibious.))
((You cover ground slowly.))
((You can hop long distances.))
You have an extended range of vision and can be seen from far away.
Your body often deteriorates upon taking damage.
You are dopey. (Int -2)
You do not regenerate when monsters are visible.
You sometimes lose the ability to read scrolls when taking damage.


Message History

The klown pie misses you.
You barely miss the Orb Guardian.
The Orb Guardian is severely wounded.
The Orb Guardian completely misses you.
You closely miss the Orb Guardian.
The Orb Guardian is severely wounded.
The Orb Guardian hits you! The Orb Guardian completely misses you.
The Killer Klown blinks!
The Orb Guardian hits you!!
* * * LOW HITPOINT WARNING * * *
Things that are here:
a +0 battleaxe; a +2 cloak; a +3 vorpal dire flail The Killer Klown blinks!
The Orb Guardian hits you!!!
* * * LOW HITPOINT WARNING * * *
Your body deteriorates!
You feel weakened.
You cannot read scrolls in your current state!
Okay, then.
You are healed.
The Orb Guardian hits you!!
* * * LOW HITPOINT WARNING * * *
The Orb Guardian closely misses you.
You feel yourself speed up. The Orb Guardian misses you.
The Orb Guardian completely misses you. The Orb Guardian completely misses you.
The Orb Guardian hits you!! Elyvilon protects you from harm!
The Orb Guardian hits you!!! Elyvilon protects you from harm!
You are healed.
The Orb Guardian hits you!!
* * * LOW HITPOINT WARNING * * *
Your body deteriorates!
You feel weakened.
You cannot read scrolls in your current state!
Okay, then.
You cannot read scrolls in your current state!
You fade into invisibility!
The Orb Guardian misses you. The Orb Guardian completely misses you.
Press: ? - help, v - describe, . - travel
Here: an Orb Guardian (severely wounded, berserk)
The floor.
You feel much better. The Orb Guardian hits you!!!
You die...

...#.######..<≈)>################
...#...# #...p≈![)..)..........#
#..#...# #....###...#...######.#
.......###....# #...#...# #.#
#........#.######p..#...######.#
.........#.#..^#....'...'......#
....#....#.#...#....#...########
....#....#.#...#X...#...#
#.###....#.#...#v####...# ..#
###'##.'...#.####...### ###
#.####...#..........# #.#
##'############# #.# #(# #.# #.#
#.#####.# #.......# #########


You could see a Killer Klown and an Orb Guardian (berserk).

Vanquished Creatures
  A dread lich (Zot:4)
  Mara (Depths:1)
  An ancient lich (Zot:4)
  5 orbs of fire
  Frederick (Vaults:4)
  Saint Roka (Vaults:1)
  8 Killer Klowns
  A curse toe (Zot:4)
  10 golden dragons
  An electric golem (Zot:2)
  A hellephant (Depths:3)
  The ghost of Silenth the Arsonist, an adept DrFE of Vehumet (Vaults:1)
  13 tentacled monstrosities
  Mlioglotl (Snake:1)
  2 liches (Depths:2)
  3 titans
  17 Orb Guardians
  6 quicksilver dragons
  Gastronok (Lair:3)
  3 deep elf blademasters
  Polyphemus (Shoals:3)
  8 death cobs
  An ancient champion (Vaults:3)
  2 deep elf master archers (Elf:3)
  3 sphinxes
  11 shadow dragons
  5 draconian monks
  9 storm dragons
  3 tengu reavers
  5 nagarajas (Snake:4)
  11 fire giants
  7 frost giants
  Aizul (Lair:3)
  4 orc warlords
  8 draconian knights
  3 ghost moths
  A balrug (Gauntlet)
  13 vault wardens
  2 iron dragons (Vaults:5)
  7 deep elf sorcerers (Elf:3)
  Louise (Shoals:4)
  8 draconian scorchers
  9 deep elf elementalists
  6 draconian shifters
  2 angels (Vaults:3)
  10 very ugly things
  5 draconian annihilators
  14 green draconians
  11 ironbound preservers
  4 ironbound thunderhulks
  A spriggan defender (Depths:3)
  18 stone giants
  3 vampire knights
  6 yellow draconians
  5 deep elf annihilators (Elf:3)
  4 entropy weavers
  3 deep elf demonologists (Elf:3)
  7 black draconians
  18 dire elephants
  13 red draconians
  A minotaur (shapeshifter) (Depths:4)
  22 purple draconians
  A minotaur (Gauntlet)
  13 white draconians
  An ettin (shapeshifter) (Vaults:5)
  A green death (Gauntlet)
  3 deep elf death magi
  14 ettins
  A blizzard demon (Depths:2)
  3 merfolk javelineers (Shoals:4)
  4 fire dragons
  5 merfolk impalers
  10 yaktaur captains
  2 crystal guardians (Vaults:2)
  A jiangshi (Vaults:3)
  2 rakshasas
  An ogre mage (Vaults:5)
  10 ice dragons
  4 deep elf high priests (Elf:3)
  5 great orbs of eyes
  5 merfolk avatars
  A salamander tyrant (Snake:4)
  32 vault guards
  6 boulder beetles
  2 peacekeepers
  12 naga warriors
  8 hydras
  An alligator snapping turtle (Shoals:4)
  2 merfolk aquamancers
  15 anacondas
  Erica (Lair:1)
  Erolcha (D:8)
  2 deep troll shamans
  10 ironbound frosthearts
  2 catoblepae
  A satyr (Shoals:3)
  29 dancing weapons
  10 deep troll earth magi
  20 centaur warriors
  7 tengu warriors
  5 two-headed ogres
  4 thrashing horrors (Lair:6)
  14 death yaks
  3 spriggan berserkers
  2 vampire magi
  9 naga sharpshooters
  An orc high priest (Elf:3)
  8 shock serpents
  17 deep elf knights
  6 hell knights (Depths:3)
  A fire crab (Lair:5)
  6 salamander mystics
  12 iron trolls
  A sun demon (Depths:2)
  A golden dragon zombie (Depths:2)
  10 sea snakes
  32 deep trolls
  A flayed ghost (Depths:3)
  9 naga ritualists
  An orb spider (shapeshifter) (Depths:3)
  2 glowing orange brains
  A tengu zombie (Vaults:2)
  An orange crystal statue (Elf:3)
  A swamp dragon (Zot:4)
  17 deep elf archers
  10 ironbound convokers
  16 lindwurms
  15 orc knights
  Pikel (D:5)
  12 wizards
  5 phantasmal warriors
  34 harpies
  4 orc sorcerers
  4 necromancers
  8 mana vipers
  A sphinx zombie (Depths:2)
  35 deep elf pyromancers
  6 cyclopes
  29 deep elf zephyrmancers
  41 ugly things
  A mana viper (shapeshifter) (Depths:4)
  A salamander (shapeshifter) (D:14)
  24 salamanders
  A faun (shapeshifter) (Depths:2)
  A stone giant zombie (Depths:2)
  An oklob plant (Lair:6)
  13 fauns
  18 manticores
  A manticore (shapeshifter) (Lair:6)
  2 large abominations (Lair:6)
  An elephant (Lair:5)
  18 naga magi
  10 guardian serpents
  46 black mambas
  14 moths of wrath
  2 ice statues (Shoals:4)
  8 merfolk sirens
  11 water nymphs
  21 vault sentinels
  2 torpor snails
  3 gargoyles
  Joseph (D:8)
  An orange demon (Depths:2)
  2 smoke demons (Lair:6)
  3 minotaur zombies (Gauntlet)
  15 cane toads
  2 human zombies (Vaults:3)
  29 yaktaurs
  2 unseen horrors
  3 rime drakes
  2 efreet
  2 tengu conjurers (D:13)
  A yaktaur (shapeshifter) (Vaults:4)
  A freezing wraith (Vaults:3)
  An ice devil (Depths:2)
  10 komodo dragons
  A red devil (Depths:2)
  An ancient zyme (Lair:6)
  18 merfolk
  2 polar bears (Lair:6)
  A queen bee (Gauntlet)
  A tarantella (shapeshifter) (Vaults:5)
  8 trolls
  2 hornets
  A sphinx simulacrum (Depths:2)
  3 meliai (D:14)
  2 slime creatures (shapeshifter)
  A queen bee (shapeshifter) (D:9)
  9 wind drakes
  37 blink frogs
  26 slime creatures
  30 dream sheep
  A centaur simulacrum (D:14)
  A deep troll zombie (Vaults:3)
  7 snapping turtles
  4 shadows
  An elf skeleton (Vaults:2)
  2 culicivoras (Vaults:2)
  3 wraiths
  3 ynoxinuls (Lair:6)
  2 spriggans (Lair:6)
  33 yaks
  2 air elementals (Elf:1)
  A basilisk (shapeshifter) (D:15)
  16 water elementals
  Eustachio (D:4)
  3 fire elementals
  2 wyverns
  5 basilisks
  A hog (shapeshifter) (D:14)
  4 hogs (D:8)
  17 humans
  2 redbacks (shapeshifter)
  Menkaure (D:7)
  4 vampire mosquitoes
  A neqoxec (Gauntlet)
  6 redbacks (Vaults:2)
  A steam dragon (shapeshifter) (D:10)
  2 chaos spawn
  37 nagas
  2 hydra simulacra (Zot:2)
  2 acid dragons
  2 hell hounds (Gauntlet)
  An acid dragon (shapeshifter) (Vaults:5)
  21 water moccasins
  12 wargs
  45 orc warriors
  5 black bears
  An ice beast (D:6)
  A sky beast (D:7)
  15 centaurs
  4 wolves
  4 boggarts
  5 ogres
  A kobold brigand (D:10)
  4 earth elementals
  8 bullfrogs
  2 glowing shapeshifter simulacra
  3 gnoll sergeants
  4 scorpions
  A water moccasin zombie (D:5)
  A wyvern skeleton (D:5)
  A troll zombie (D:9)
  7 killer bees
  8 small abominations (Lair:6)
  5 wights (D:8)
  5 electric eels
  4 howler monkeys (D:7)
  4 centaur zombies
  A lava snake (Lair:2)
  3 jellies
  4 hounds
  A gnoll shaman (D:9)
  12 orc priests
  A centaur skeleton (D:7)
  15 orc wizards
  7 ogre zombies (D:9)
  16 gnolls
  7 adders
  An adder zombie (D:5)
  3 dart slugs
  2 worms
  87 orcs
  8 bats
  10 endoplasms
  4 giant cockroaches
  5 goblins
  4 hobgoblins
  6 jackals
  5 quokkas
  11 ball pythons
  A frilled lizard (D:1)
  3 goblin skeletons (D:9)
  A goblin zombie (D:9)
  A hobgoblin skeleton (D:9)
  2 hobgoblin zombies (D:9)
  9 kobolds
  3 orc skeletons (D:9)
  15 orc zombies (D:9)
  A rat (D:1)
1995 creatures vanquished.

Vanquished Creatures (collateral kills)
  A yaktaur captain (Vaults:5)
  A centaur warrior (Vaults:3)
  A deep troll earth mage (Vaults:5)
  A yaktaur (Vaults:3)
4 creatures vanquished.

Vanquished Creatures (others)
  An ancient lich (Vaults:5)
  A titan (Vaults:5)
  2 tengu reavers (Vaults:5)
  A shadow dragon (Vaults:5)
  A storm dragon (Vaults:5)
  2 fire giants (Vaults:5)
  3 frost giants (Vaults:5)
  2 vault wardens (Vaults:5)
  2 deep elf elementalists (Elf:3)
  A war gargoyle (Vaults:5)
  A stone giant (Vaults:5)
  2 deep elf annihilators
  A yaktaur captain (Vaults:5)
  2 deep elf high priests (Vaults:5)
  A vault guard (Vaults:5)
  An ogre mage (Vaults:5)
  2 deep elf knights
  A vault sentinel (Vaults:5)
  A golden eye (shapeshifter) (Elf:1)
  A steam dragon (shapeshifter) (Vaults:5)
  A human simulacrum (Vaults:2)
  55 fungi
  91 plants
  8 tentacles
184 creatures vanquished.

Grand Total: 2183 creatures vanquished

Notes
Turn   | Place    | Note
-------+----------+-------------------------------------------
     0 | D:5      | Gabide the Barachi Delver began the quest for the Orb.
     0 | D:5      | Reached XP level 1. HP: 18/18 MP: 1/1
    21 | D:5      | Noticed a water moccasin
   132 | D:3      | Reached XP level 2. HP: 18/25 MP: 2/2
   420 | D:2      | Reached XP level 3. HP: 10/30 MP: 3/3
   866 | D:2      | Reached skill level 3 in Long Blades
   866 | D:2      | Reached skill level 5 in Stealth
  1032 | D:2      | Found a white marble altar of Elyvilon.
  1066 | D:2      | Became a worshipper of Elyvilon the Healer
  1314 | D:2      | Reached XP level 4. HP: 32/37 MP: 4/4
  1455 | D:2      | Reached * piety under Elyvilon
  1711 | D:2      | Found Idapugg's Weapon Boutique.
  2059 | D:1      | Reached ** piety under Elyvilon
  2070 | D:1      | Reached skill level 4 in Long Blades
  2295 | D:1      | Found a faded altar of an unknown god.
  2910 | D:3      | Reached skill level 1 in Armour
  2910 | D:3      | Reached XP level 5. HP: 30/42 MP: 5/5
  3472 | D:4      | Reached skill level 5 in Long Blades
  3804 | D:4      | Reached XP level 6. HP: 34/48 MP: 6/6
  3950 | D:4      | Reached *** piety under Elyvilon
  4248 | D:4      | Reached skill level 6 in Long Blades
  4675 | D:4      | Identified the +4 whip of Law {freeze, Will+}
  4795 | D:4      | Noticed Eustachio
  4845 | D:4      | Killed Eustachio
  4846 | D:4      | Reached skill level 7 in Long Blades
  4846 | D:4      | Reached XP level 7. HP: 33/54 MP: 7/7
  5228 | D:5      | Reached **** piety under Elyvilon
  5754 | D:5      | Reached skill level 8 in Long Blades
  5867 | D:6      | Found Ohaohuj's Antique Armour Emporium.
  5869 | D:6      | Found Plog's Book Shoppe.
  5887 | D:6      | Reached skill level 5 in Armour
  6050 | D:6      | Reached XP level 8. HP: 42/60 MP: 8/8
  6076 | D:6      | Found a staircase to the Ecumenical Temple.
  6086 | D:6      | Reached skill level 9 in Long Blades
  6266 | D:6      | Noticed Pikel
  6288 | D:5      | Killed Pikel
  6289 | D:5      | Reached skill level 10 in Long Blades
  6420 | D:6      | Reached skill level 11 in Long Blades
  6526 | D:6      | Reached ***** piety under Elyvilon
  6587 | D:6      | Found Cintack's Armour Shop.
  6925 | D:6      | Reached XP level 9. HP: 62/65 MP: 9/9
  7051 | D:6      | Found Xewn's Armour Emporium.
  7116 | D:7      | Reached skill level 12 in Long Blades
  7548 | D:7      | Noticed Menkaure
  7556 | D:7      | Killed Menkaure
  7557 | D:7      | Reached skill level 13 in Long Blades
  7743 | D:7      | Found Oradats's Armour Boutique.
  8926 | D:8      | Reached skill level 14 in Long Blades
  9108 | D:8      | Found a broken altar of Ashenzari.
  9123 | D:8      | Noticed Joseph
  9146 | D:8      | Killed Joseph
  9147 | D:8      | Reached skill level 5 in Dodging
  9303 | D:8      | Noticed a hornet
  9311 | D:8      | Killed a hornet
  9312 | D:8      | Reached skill level 5 in Fighting
  9324 | D:8      | Reached skill level 1 in Invocations
  9324 | D:8      | Reached XP level 10. HP: 70/74 MP: 9/11
  9476 | D:8      | Found a flagged portal.
  9851 | D:8      | Found Tauxuq's Magic Scroll Shoppe.
  9925 | D:7      | Bought the +1 helmet of Ophenec {rElec Will++} for 478 gold
                  | pieces
 10015 | D:8      | Noticed a two-headed ogre
 10023 | D:8      | Killed a two-headed ogre
 10064 | D:8      | Found Xaru's Magic Scroll Shop.
 10124 | D:8      | Reached skill level 5 in Invocations
 10319 | D:8      | Found Kiock's Assorted Antiques.
 10479 | D:8      | Found Seploc's Book Boutique.
 10537 | D:8      | Reached ****** piety under Elyvilon
 10558 | D:8      | Found Elaplui's General Store.
 10746 | D:9      | Noticed Erolcha
 10746 | D:9      | Found a staircase to the Lair.
 10761 | D:8      | Killed Erolcha
 10762 | D:8      | Reached skill level 15 in Long Blades
 10987 | D:8      | Reached skill level 16 in Long Blades
 10990 | D:8      | Reached XP level 11. HP: 65/79 MP: 14/14
 11329 | D:9      | Reached skill level 17 in Long Blades
 11655 | D:8      | Bought a scroll of enchant weapon for 105 gold pieces
 11780 | D:9      | Found a staircase to the Orcish Mines.
 12487 | D:9      | Identified 2 scrolls of acquirement
 12487 | D:9      | Acquired a +1 pair of gloves of hurling
 12500 | D:9      | Acquired a +1 vorpal triple sword
 12526 | D:10     | Entered Level 10 of the Dungeon
 12647 | D:10     | Noticed a cyan ugly thing
 12647 | D:10     | Noticed a green ugly thing
 12648 | D:10     | Found a runed translucent gate.
 12648 | D:10     | Noticed a brown ugly thing
 12649 | D:10     | Found a runed translucent gate.
 12649 | D:10     | Found a runed translucent gate.
 12650 | D:10     | Noticed a purple ugly thing
 12968 | D:10     | Found a shimmering altar of Xom.
 12968 | D:10     | Found a bloodstained altar of Trog.
 12976 | D:10     | Found a glowing silver altar of Zin.
 12978 | D:10     | Found an ancient bone altar of Kikubaaqudgha.
 12980 | D:10     | Found an ornate altar of the Wu Jian Council.
 13636 | D:10     | Noticed a salamander
 13636 | D:10     | a spriggan changed into a salamander
 13645 | D:10     | a salamander changed into a polar bear
 13671 | D:11     | Noticed a boulder beetle
 13688 | D:11     | Killed a boulder beetle
 13689 | D:11     | Reached skill level 18 in Long Blades
 13840 | D:11     | Noticed a cyclops
 13846 | D:11     | Killed a cyclops
 13931 | D:11     | Noticed a manticore
 13940 | D:11     | Killed a manticore
 14458 | D:11     | Reached skill level 19 in Long Blades
 14767 | D:8      | Bought a scroll of enchant weapon for 105 gold pieces
 14767 | D:8      | Bought a scroll of identify for 28 gold pieces
 14767 | D:8      | Bought a scroll of identify for 28 gold pieces
 14923 | D:12     | Noticed an eight-headed hydra
 15059 | D:12     | Noticed a cyclops
 15064 | D:12     | Noticed a two-headed ogre
 15069 | D:12     | Killed a cyclops
 15070 | D:12     | Reached XP level 12. HP: 81/86 MP: 15/15
 15075 | D:12     | Killed a two-headed ogre
 15355 | D:12     | Noticed a two-headed ogre
 15367 | D:12     | Killed a two-headed ogre
 15579 | D:12     | Noticed a boulder beetle
 15582 | D:12     | Reached skill level 20 in Long Blades
 15596 | D:12     | Killed a boulder beetle
 16121 | D:13     | Noticed a tengu warrior
 16138 | D:12     | Killed a tengu warrior
 17041 | D:13     | Noticed a tengu warrior
 17043 | D:13     | Noticed a tengu warrior
 17056 | D:12     | Killed a tengu warrior
 17276 | D:13     | Killed a tengu warrior
 17450 | D:13     | Noticed a centaur warrior
 17462 | D:13     | Killed a centaur warrior
 17465 | D:13     | Reached skill level 10 in Fighting
 17679 | D:13     | Noticed a tengu warrior
 17690 | D:13     | Killed a tengu warrior
 17913 | D:13     | Noticed a six-headed hydra
 17923 | D:13     | Killed a two-headed hydra
 17929 | D:13     | Identified the +1 ring mail "Emah" {rElec rC+ Str-5}
 18167 | D:13     | Found a portal to a secret trove of treasure.
 18559 | D:12     | Killed a five-headed hydra
 18560 | D:12     | Gained mutation: You can hop long distances. [Barachi
                  | growth]
 18560 | D:12     | Reached XP level 13. HP: 68/103 MP: 16/16
 18802 | D:14     | Found a gate leading to a gauntlet.
 18825 | Gauntlet | Entered a Gauntlet
 18825 | Gauntlet | Found a transporter.
 18838 | Gauntlet | Found a transporter.
 18840 | Gauntlet | Found a transporter.
 18841 | Gauntlet | Found a transporter.
 18845 | Gauntlet | Found a runed translucent door.
 18847 | Gauntlet | Found a runed translucent door.
 18849 | Gauntlet | Found a transporter.
 18852 | Gauntlet | Found a transporter.
 18853 | Gauntlet | Found a transporter.
 18863 | Gauntlet | Found a transporter.
 18864 | Gauntlet | Found a transporter.
 18865 | Gauntlet | Found a transporter.
 18870 | Gauntlet | Noticed a green death
 18874 | Gauntlet | Found a transporter.
 18876 | Gauntlet | Found a transporter.
 18877 | Gauntlet | Found a transporter.
 18879 | Gauntlet | Noticed a balrug
 18912 | Gauntlet | Found a transporter.
 19122 | Gauntlet | Killed a green death
 19123 | Gauntlet | Reached skill level 10 in Armour
 19218 | Gauntlet | Killed a balrug
 19516 | Gauntlet | Identified the +1 chain mail of the Manifold Teeth {rF+
                  | Int+3}
 19516 | Gauntlet | Noticed a minotaur
 19535 | Gauntlet | Killed a minotaur
 21357 | D:14     | Reached skill level 10 in Invocations
 21399 | D:14     | Reached XP level 14. HP: 57/110 MP: 21/21
 21592 | D:14     | Found a gate to the Vaults.
 21947 | D:15     | Entered Level 15 of the Dungeon
 23229 | D:15     | Found a staircase to the Depths.
 23437 | D:10     | Reached skill level 10 in Dodging
 23617 | D:10     | Found a runed translucent gate.
 23617 | D:10     | Found a runed translucent gate.
 23619 | D:10     | Noticed a cacodemon
 23620 | D:10     | Noticed gabibbone's ghost (novice PaFi)
 23622 | D:10     | Found a runed translucent gate.
 23717 | D:8      | Bought a scroll of identify for 28 gold pieces
 23809 | D:8      | Bought a scroll of enchant weapon for 210 gold pieces
 23928 | D:8      | Bought a potion of berserk rage for 55 gold pieces
 23987 | Orc:1    | Entered Level 1 of the Orcish Mines
 24161 | Orc:2    | Entered Level 2 of the Orcish Mines
 24754 | Orc:2    | Noticed an orc warlord
 24769 | Orc:2    | Killed an orc warlord
 25171 | Orc:2    | Noticed an orc warlord
 25187 | Orc:2    | Killed an orc warlord
 25371 | Orc:2    | Reached skill level 21 in Long Blades
 25632 | Orc:2    | Found Qoipsi's Antique Weapon Shoppe.
 25677 | Orc:2    | Found Jafos's Jewellery Shop.
 25709 | Orc:2    | Found a staircase to the Elven Halls.
 25915 | Orc:2    | Bought the amulet "Gearho Duwo" {Reflect Will+ Str+3 SH+5}
                  | for 782 gold pieces
 26450 | Orc:2    | Found Recseif's General Store.
 26656 | Orc:2    | Bought a potion of might for 60 gold pieces
 26656 | Orc:2    | Bought a scroll of teleportation for 45 gold pieces
 26661 | Orc:2    | Found Muikk's Assorted Antiques.
 27019 | Lair:1   | Entered Level 1 of the Lair of Beasts
 27026 | Lair:1   | Reached skill level 22 in Long Blades
 27026 | Lair:1   | Reached XP level 15. HP: 115/115 MP: 22/22
 27258 | Lair:1   | Noticed Erica
 27268 | Lair:1   | Killed Erica
 28905 | Lair:3   | Reached skill level 23 in Long Blades
 29095 | Lair:3   | Noticed Gastronok
 29107 | Lair:3   | Killed Gastronok
 29126 | Lair:3   | Found a staircase to the Snake Pit.
 29272 | Lair:3   | Found a staircase to the Shoals.
 29701 | Lair:4   | Found a glowing silver altar of Zin.
 30464 | Lair:5   | Reached skill level 24 in Long Blades
 31396 | Lair:6   | Entered Level 6 of the Lair of Beasts
 31978 | Lair:6   | Reached XP level 16. HP: 112/129 MP: 23/23
 32345 | Lair:6   | Found a staircase to the Slime Pits.
 33102 | Lair:6   | Found a corrupted altar of Lugonu.
 33102 | Lair:6   | Found a one-way gate to the infinite horrors of the Abyss.
 33227 | Lair:6   | Reached skill level 15 in Fighting
 33725 | Lair:6   | Identified the ring of Ychyqen {rPois rF+ Str+3 Dex+6}
 34313 | Elf:1    | Entered Level 1 of the Elven Halls
 34739 | Elf:1    | Paralysed by an air elemental for 1 turns
 34746 | Elf:1    | Paralysed by an air elemental for 1 turns
 36011 | Elf:2    | Reached XP level 17. HP: 119/177 MP: 30/30
 36487 | Elf:1    | Reached skill level 15 in Armour
 38863 | Elf:2    | Found a runed translucent gate.
 39048 | Elf:2    | Found a runed translucent gate.
 39048 | Elf:2    | Found a runed translucent gate.
 39069 | Elf:2    | Found Rekuk's Neck Hole.
 39078 | Elf:2    | Bought a scarf of resistance for 448 gold pieces
 39238 | Elf:2    | Found Buoduj's Book Boutique.
 40529 | Elf:2    | Noticed a deep elf blademaster
 40537 | Elf:2    | Killed a deep elf blademaster
 41029 | Elf:3    | Entered Level 3 of the Elven Halls
 41498 | Elf:3    | Reached skill level 15 in Dodging
 41498 | Elf:3    | Noticed a deep elf blademaster
 41504 | Elf:3    | Noticed a deep elf blademaster
 41507 | Elf:3    | Noticed a deep elf master archer
 41520 | Elf:3    | Noticed a deep elf master archer
 41528 | Elf:3    | Killed a deep elf blademaster
 41529 | Elf:3    | Reached XP level 18. HP: 117/149 MP: 25/25
 41540 | Elf:3    | Killed a deep elf blademaster
 41553 | Elf:3    | Identified the +5 great mace of Jeont {drain, Drain rPois
                  | rN+ Will+}
 41558 | Elf:3    | Noticed a Tzitzimitl
 41558 | Elf:3    | Killed a deep elf master archer
 41563 | Elf:3    | Noticed a Hell Sentinel
 41570 | Elf:3    | HP: 10/211 [deep elf master archer/arrow (17)]
 41571 | Elf:3    | Elyvilon protects you from harm!
 41574 | Elf:3    | Killed a deep elf master archer
 41575 | Elf:3    | Killed a ghostly deep elf master archer
 41575 | Elf:3    | HP: 3/213 [ghostly deep elf death mage/+1 long sword of
                  | electrocution (3)]
 41583 | Elf:3    | HP: 3/222 [deep elf elementalist/+0 rapier (1)]
 41587 | Elf:3    | Elyvilon protects you from harm!
 41596 | Elf:3    | Elyvilon protects you from harm!
 41598 | Elf:3    | Elyvilon protects you from harm!
 41603 | Elf:3    | HP: 3/135 [deep elf high priest/divine providence (12)]
 42723 | Elf:3    | Found a runed translucent gate.
 42723 | Elf:3    | Noticed a deep elf master archer
 42724 | Elf:3    | Found a runed translucent gate.
 42724 | Elf:3    | Identified the +0 robe "Paumiazo" {rF+}
 42724 | Elf:3    | Noticed Sobaton's ghost (adept MiFi)
 42726 | Elf:3    | Found a runed translucent gate.
 42726 | Elf:3    | Identified the +5 demon blade of Cataclysm {vamp, Str+5}
 42726 | Elf:3    | Noticed a titan
 42728 | Elf:3    | Found an iron altar of Okawaru.
 43175 | Elf:3    | Found the +8 orange crystal plate armour {Archmagi, Int+3
                  | Clar}
 43186 | Elf:3    | Identified the +4 arbalest of Quick Death {flame, rPois
                  | Will- SInv}
 43197 | Elf:3    | Identified the ring "Eral" {Int+6 Dex+3 Slay+2 SInv}
 43207 | Elf:3    | Identified the +1 leather armour "Omieqeol" {Int+3}
 43209 | Elf:3    | Got the Collected Works on Frigorific Glamour
 43222 | Elf:3    | Got the Catalogue of Spatial Stones
 43263 | Elf:3    | Identified the amulet of the Fortune-Teller {Harm rElec rF-
                  | Regen+}
 43276 | Elf:3    | Got the Grimoire of Feathers and Transformation
 43296 | Elf:3    | Identified the ring of the Devil {MP+9 Str+5}
 43301 | Elf:3    | Identified the +7 triple crossbow "Zuesterch" {speed,
                  | Str+2}
 43719 | Shoals:1 | Entered Level 1 of the Shoals
 43820 | Shoals:1 | Found a transporter.
 43825 | Shoals:1 | Found a transporter.
 43846 | Shoals:1 | Noticed Tang's ghost (adept TeAE)
 45462 | Shoals:2 | Noticed Woutahasch's ghost (journeyman HOFi)
 46053 | Shoals:2 | Found a transporter.
 46101 | Shoals:2 | Found a transporter.
 46828 | Shoals:3 | Reached XP level 19. HP: 155/155 MP: 30/30
 46902 | Shoals:3 | Identified the +2 robe "Vupoquv" {Regen+ Int+2 Stlth+}
 47047 | Shoals:3 | Noticed Polyphemus
 47075 | Shoals:3 | Killed Polyphemus
 47076 | Shoals:3 | Reached skill level 15 in Invocations
 47748 | Shoals:4 | Entered Level 4 of the Shoals
 48200 | Shoals:4 | Noticed Roxanne
 48596 | Shoals:4 | Noticed Louise
 48608 | Shoals:4 | Killed Louise
 49254 | Shoals:4 | Identified the +1 leather armour "Laonu" {Str+4 Int+2
                  | Stlth+}
 50095 | Shoals:4 | Got a barnacled rune of Zot
 50357 | Snake:1  | Entered Level 1 of the Snake Pit
 50423 | Snake:1  | Noticed Aizul
 50445 | Lair:3   | Killed Aizul
 51652 | Snake:1  | Noticed Mlioglotl
 51665 | Snake:1  | Killed Mlioglotl
 53324 | Snake:2  | Identified the +5 halberd "Inesh" {antimagic, rN+ Str+4}
 53478 | Snake:3  | Found Amnegh's Antique Weapon Boutique.
 53500 | Snake:3  | Found Hoppue Noss's Magic Scroll Boutique.
 53503 | Snake:3  | Bought a scroll of brand weapon for 220 gold pieces
 53503 | Snake:3  | Bought a scroll of enchant weapon for 82 gold pieces
 53503 | Snake:3  | Bought a scroll of magic mapping for 38 gold pieces
 53503 | Snake:3  | Bought a scroll of teleportation for 33 gold pieces
 53503 | Snake:3  | Bought a scroll of enchant weapon for 82 gold pieces
 53700 | Snake:3  | Found Visitinisch's Antique Weapon Shop.
 53742 | Snake:3  | Bought a jewelled great sword for 356 gold pieces
 53742 | Snake:3  | Identified the +0 great sword "Oblocw" {drain, Str+6 Int+4}
                  | (You bought it in a shop on level 3 of the Snake Pit)
 53754 | Snake:3  | Found Ytilek's Weapon Boutique.
 53813 | Snake:3  | Reached XP level 20. HP: 110/162 MP: 33/33
 54714 | Snake:3  | Found Erausm's Armour Shoppe.
 56145 | Snake:4  | Entered Level 4 of the Snake Pit
 59105 | Snake:4  | Got a serpentine rune of Zot
 59498 | Vaults:1 | Entered Level 1 of the Vaults
 59854 | Vaults:1 | Noticed Saint Roka
 60167 | Vaults:1 | Reached skill level 25 in Long Blades
 60167 | Vaults:1 | Reached XP level 21. HP: 118/168 MP: 35/35
 61210 | Vaults:1 | Reached skill level 26 in Long Blades
 62176 | Vaults:1 | Found a runed translucent door.
 62178 | Vaults:1 | Noticed Silenth's ghost (adept DrFE)
 62228 | Vaults:1 | Killed Silenth's ghost
 62432 | Vaults:1 | Killed Saint Roka
 63219 | Vaults:2 | Reached skill level 27 in Long Blades
 64124 | Vaults:2 | Found Ufaffyd's Magic Scroll Shoppe.
 64134 | Vaults:2 | Bought a scroll of enchant weapon for 97 gold pieces
 64134 | Vaults:2 | Bought a scroll of immolation for 45 gold pieces
 64134 | Vaults:2 | Bought a scroll of teleportation for 39 gold pieces
 65003 | Vaults:3 | Reached XP level 22. HP: 180/182 MP: 36/36
 65311 | Vaults:3 | Found Fyvekh's Weapon Shoppe.
 65442 | Vaults:3 | Found a staircase to the Crypt.
 67318 | Vaults:3 | Found a white marble altar of Elyvilon.
 67319 | Vaults:3 | Found a glowing golden altar of the Shining One.
 67320 | Vaults:3 | Found a glowing silver altar of Zin.
 67683 | Vaults:4 | Found Gaupneeg's Weapon Shop.
 67839 | Vaults:4 | Noticed Frederick
 67848 | Vaults:4 | Killed Frederick
 69220 | Vaults:5 | Entered Level 5 of the Vaults
 69390 | Depths:1 | Entered Level 1 of the Depths
 69615 | Depths:1 | Noticed Mara
 69620 | Depths:1 | Noticed Gabide's illusion
 69934 | Depths:1 | Noticed Gabide's illusion
 69940 | Depths:1 | Killed Mara
 70150 | Depths:1 | Found Eneisill's Assorted Antiques.
 70151 | Depths:1 | Found Omuzxeh's Armour Shoppe.
 70153 | Depths:1 | Found Fil Fyad's Jewellery Emporium.
 70166 | Depths:1 | Bought a faintly humming cloak for 313 gold pieces
 70166 | Depths:1 | Identified the -6 cloak "Qucwosk" {Contam Rampage Str-3
                  | Int+9} (You bought it in a shop on level 1 of the Depths)
 70343 | Depths:1 | Found a broken altar of Ashenzari.
 70643 | Depths:1 | Found Burriffa's Antique Armour Boutique.
 70774 | Depths:1 | Found a gateway to Hell.
 71036 | Depths:2 | Found Hoicu's Book Emporium.
 71151 | Depths:2 | Found Cahyaz Amoy's Antique Armour Boutique.
 71157 | Depths:2 | Found Qaxatoc's Antique Armour Shoppe.
 71262 | Depths:2 | Found a transporter.
 71262 | Depths:2 | Noticed Tyrchim's ghost (legendary MiBe)
 71265 | Depths:2 | Noticed an ancient lich
 71367 | Depths:2 | Reached XP level 23. HP: 54/182 MP: 37/37
 71794 | Depths:2 | Found Yngih's Book Boutique.
 71807 | Depths:2 | Found a transporter.
 71815 | Depths:2 | Found Jueva's Book Emporium.
 72185 | Depths:2 | Found a one-way gate leading to the halls of Pandemonium.
 72534 | Depths:2 | Identified the +4 whip of Vanity {vorpal, *Noise Str+8
                  | Dex+9 Stlth-}
 74371 | Depths:3 | Found a one-way gateway to a ziggurat.
 74454 | Depths:2 | Identified the ring of Finality {AC+4 Dex+5}
 74546 | D:13     | You paid a toll of 2 scrolls of acquirement to enter a
                  | treasure trove
 74547 | Trove    | Entered a treasure trove
 74621 | Trove    | Reached XP level 24. HP: 197/197 MP: 37/37
 75129 | Depths:4 | Entered Level 4 of the Depths
 76398 | Depths:4 | Found Jifiafan's Armour Shoppe.
 76940 | Depths:4 | Reached XP level 25. HP: 108/208 MP: 36/38
 76960 | Depths:4 | Found a runed translucent door.
 76960 | Depths:4 | Found a runed translucent door.
 77254 | Depths:4 | Found a runed translucent door.
 77254 | Depths:4 | Found a runed translucent door.
 77267 | Depths:4 | Found a runed translucent door.
 77267 | Depths:4 | Found a runed translucent door.
 77276 | Depths:4 | Found a gate to the Realm of Zot.
 78750 | Vaults:4 | Reached skill level 1 in Crossbows
 79526 | Vaults:4 | Reached skill level 5 in Crossbows
 79822 | Vaults:5 | Noticed an ancient lich
 80019 | Vaults:5 | Killed an ancient lich
 80372 | Vaults:5 | Paralysed by a floating eye for 4 turns
 80865 | Vaults:5 | Identified the +8 long sword "Newtslayer" {vorpal, Dex+4}
 80871 | Vaults:5 | Identified the +7 hand axe of Focus {vorpal, Drain Int+5}
 81045 | Vaults:5 | Identified the +5 halberd of Perfectionism {vorpal, *Noise
                  | rN++ Str+5}
 81047 | Vaults:5 | Identified the +2 arbalest "Fashram" {penet, Contam rN++
                  | Int+7}
 81244 | Vaults:5 | Reached skill level 10 in Crossbows
 81352 | Vaults:5 | Identified the +5 quarterstaff "Afyllox" {flame, Int+4}
 81363 | Vaults:5 | Acquired the +3 pair of seven-league boots {Rampage+∞}
 81363 | Vaults:5 | Found the +3 pair of seven-league boots {Rampage+∞}
 81543 | Vaults:5 | Found Gaming's Armour Emporium.
 81906 | Vaults:5 | Identified the +0 plate armour of Gafutt {Str-2 Dex+5}
 81907 | Vaults:5 | Identified the +8 scimitar "Teatig" {venom, *Rage Will+
                  | Str+2 Int+4}
 81974 | Vaults:5 | Identified the +1 plate armour "Cyxt" {rF+ Str+3}
 82276 | Vaults:5 | Got a silver rune of Zot
 82988 | Zot:1    | Entered Level 1 of the Realm of Zot
 83165 | Zot:1    | Noticed a Killer Klown
 83190 | Zot:1    | Killed a Killer Klown
 83473 | Zot:1    | Identified the ring of the Ancients {rPois rC- Int+8
                  | Slay+4}
 83482 | Zot:1    | Noticed a Killer Klown
 83520 | Zot:1    | Killed a Killer Klown
 83990 | Zot:1    | Noticed a Killer Klown
 84005 | Zot:1    | Killed a Killer Klown
 84525 | Zot:1    | Got the Tome of Dark Intoxication
 84767 | Zot:1    | Reached XP level 26. HP: 99/216 MP: 38/38
 85568 | Zot:2    | Noticed an orb of fire
 85576 | Zot:2    | Killed an orb of fire
 85619 | Zot:2    | Noticed a shard shrike
 85625 | Zot:2    | Pacified a shard shrike
 86099 | Zot:2    | Found a runed translucent gate.
 86099 | Zot:2    | Found a runed translucent gate.
 86099 | Zot:2    | Found a runed translucent gate.
 86100 | Zot:2    | Noticed wilo's ghost (master MfBe)
 86158 | Zot:2    | Reached skill level 15 in Crossbows
 91516 | Zot:5    | Entered Level 5 of the Realm of Zot
 91878 | Zot:5    | Noticed a Killer Klown
 91882 | Zot:5    | Noticed an orb of fire
 91886 | Zot:5    | Noticed an orb of fire
 91888 | Zot:5    | Noticed an orb of fire
 91889 | Zot:5    | Gained mutation: You do not regenerate when monsters are
                  | visible. [an orb of fire]
 92054 | Zot:5    | Noticed an orb of fire
 92060 | Zot:5    | Gained mutation: Armour fits poorly on your strangely
                  | shaped body. [an orb of fire]
 92062 | Zot:5    | Killed an orb of fire
 92064 | Zot:5    | Gained mutation: You are dopey. (Int -2) [an orb of fire]
 92074 | Zot:5    | Killed an orb of fire
 92075 | Zot:5    | Reached XP level 27. HP: 91/222 MP: 38/38
 92370 | Zot:4    | Gained mutation: Your body sometimes deteriorates upon
                  | taking damage. [an orb of fire]
 92373 | Zot:4    | Gained mutation: Your body often deteriorates upon taking
                  | damage. [an orb of fire]
 92382 | Zot:4    | Killed an orb of fire
 92626 | Zot:4    | Lost mutation: Armour fits poorly on your strangely shaped
                  | body. [an orb of fire]
 92629 | Zot:4    | Gained mutation: You sometimes lose the ability to read
                  | scrolls when taking damage. [an orb of fire]
 92631 | Zot:4    | Killed an orb of fire
 93024 | Zot:5    | Noticed an ancient lich
 93074 | Zot:5    | Noticed a dread lich
 93086 | Zot:4    | Killed an ancient lich
 93280 | Zot:4    | Killed a dread lich
 94030 | Zot:4    | Elyvilon protects you from harm!
 94032 | Zot:4    | Elyvilon protects you from harm!
 94035 | Zot:4    | Slain by an Orb Guardian

Illustrated notes

Levels and vault maps discovered:
D:1:      wander_arrival_estate, layout_loops_ring,
          shapermc_ecumenical_altar_starsandcircs, chequers_serial_rivers_marsh,
          chequers_avenue
D:2:      layout_loops_ring, serial_shops, nicolae_shop_behind_doors,
          basic_altar, chequers_jeans, minmay_misc_feat_rows
D:3:      layout_basic
D:4:      layout_basic, minmay_increasing_density, uniq_eustachio
D:5:      layout_gridville
D:6:      layout_rooms, minmay_temple_entry_sparse_star, serial_shops, shop,
          shop, nicolae_shop_behind_doors, kennysheep_mini_moat, minivault_25,
          minmay_misc_feat_diagonals, uniq_pikel
D:7:      layout_gridville, serial_shops, shop, uniq_menkaure
D:8:      layout_loops_corners, lemuel_tele_altar, serial_shops,
          nicolae_shop_competitors_out_of_business, nicolae_shop_behind_doors,
          nicolae_shop_trees, nicolae_shop_competitors_out_of_business,
          nicolae_square_shop, enter_bailey_6, grunt_livestock, uniq_joseph
D:9:      layout_loops_ring, minmay_lair_entry_grove, zombieorc2_lemuel,
          serial_bayou_ford_a, uniq_erolcha
D:10:     layout_stronghold, chequers_temple_overflow_minitemple,
          ploomutoo_gammafunk_ghost_potion_laboratory
D:11:     layout_rooms
D:12:     layout_cave_pods
D:13:     layout_irregular_city, nicolae_trove_entry_free_sample
D:14:     layout_basic, david_vaults_3, gauntlet_entry_generic,
          minmay_misc_feat_cross, hangedman_decor_slide_cut, minmay_starry_boxes
D:15:     grunt_enter_depths_hoard, layout_cave_pools
Lair:1:   layout_gridlike, beast_lair_carwin_7, uniq_erica
Lair:2:   layout_gridlike, nicolae_quartered_pool_impasse
Lair:3:   layout_long_grid, elwin_shoals_entry_stream, dummy_snake_entry,
          uniq_gastronok
Lair:4:   layout_gridlike, basic_altar
Lair:5:   layout_hall_layers, nzn_random_ring, lemuel_fruit_fields
Lair:6:   hellmonk_lair_end_abyssal_woods, layout_cave_pods,
          dpeg_slime_entry_corner, st_stairs_3, gammafunk_lair_bear_cave,
          infiniplex_staircase_pool
Shoals:1: layout_shoals, ebering_ghost_davey_jones
Shoals:2: layout_shoals, gammafunk_ghost_berserking_beasts
Shoals:3: layout_shoals, uniq_polyphemus
Shoals:4: shoals_end_hangedman, layout_shoals,
          portal_ice_cave_entry_ice_statue_two, uniq_roxanne, uniq_louise
Snake:1:  layout_honeycomb, grunt_megastairs_5, uniq_aizul, uniq_mlioglotl
Snake:2:  layout_grid_maze, st_stairs_3, nicolae_snake_squiggles,
          grunt_megastairs_1
Snake:3:  layout_chambers, serial_shops, nicolae_shop_bloodbath_and_beyond,
          shop, nicolae_shop_behind_doors,
          nicolae_shop_competitors_out_of_business, nicolae_stop_n_shop_2
Snake:4:  snake_pit_salamanders_mu, layout_cave_town
Orc:1:    layout_caves, minmay_orc_temple_a
Orc:2:    st_orc_town, layout_diamond_mine
Elf:1:    minmay_elf_arrival_summoners, layout_rooms, minivault_28,
          grunt_megastairs_3
Elf:2:    elven_hall_of_blades_hangedman_original
          [infiniplex_blade_entry_pillars], layout_onion_city, serial_shops,
          bzr_entry_safe, shop, corexii_hall_statues_u, grunt_ministairs_11,
          abandoned_shop, hangedman_elf_simple_split,
          nicolae_shop_sticking_my_neck_out
Elf:3:    minmay_elf_hall_x, layout_geoelf_castle,
          gammafunk_ghost_fury_of_okawaru, minivault_16, due_unseen_surprise
Vaults:1: ebering_ghost_reflecting_pool, hangedman_vaults_corner_blocks,
          st_diamondy, nicolae_vaults_border_crossing,
          nicolae_vaults_diagonal_hallway_8, nicolae_vaults_circle_grid_a,
          vaults_room_ringed_pool, v_rooms_6, nicolae_vaults_what_the_h,
          vaults_room_semicircle, ontoclasm_vaults_decontamination,
          vaults_mumra_minichess, v_misc_5, nicolae_vaults_specimen_jars,
          layout_vaults_omnibox, uniq_saint_roka
Vaults:2: grunt_vaults_diagonal, hangedman_vaults_maws, grunt_vaults_funnel,
          nicolae_vaults_circle_grid_a, nicolae_vaults_inception_scallops,
          v_rooms_4, v_alt_pattern_3, nicolae_vaults_shelves_hall,
          nicolae_vaults_sealed_display, v_misc_12, vaults_room_fours,
          v_misc_15, grunt_vaults_hallway_short, vaults_dpeg_spiral,
          layout_vaults_ring, serial_shops, shop
Vaults:3: portal_desolation_entry_holy_temple, v_alt_pattern_2, v_rooms_5,
          minmay_crypt_entry_simple_plaza, st_lattice, v_alt_pattern_5,
          v_rooms_3, nicolae_vaults_little_squares_2, hangedman_vaults_maws,
          vaults_room_stairs_pillars, hangedman_vaults_maws,
          vaults_dpeg_diagonal, vaults_dpeg_encased_lava,
          layout_vaults_omnicross, serial_shops, nicolae_shop_crystal
Vaults:4: ontoclasm_vaults_hangar, ontoclasm_vaults_twist,
          hangedman_vaults_trim, vaults_room_guarded_vault,
          ontoclasm_vaults_idyll, nicolae_vaults_yaktaur_gun_rack,
          layout_vaults_quadrants, serial_shops, nicolae_shop_behind_doors,
          uniq_frederick
Vaults:5: serial_shops
Depths:1: layout_gridville, serial_bayou_pond_d, serial_shops, shop_statue,
          pf_coc_iceberg, nicolae_ashenzari_panopticon,
          infiniplex_staircase_pool_lava, minmay_shop_star, uniq_mara
Depths:2: four-leaf_vault, layout_gridlike, abyss_entry_crystal, serial_shops,
          kennysheep_mini, shop, nicolae_shop_crystal, nicolae_shop_waterfront,
          shop_fountains, gammafunk_ghost_mausoleum, minivault_14,
          rand_demon_pan_entry_5, hangedman_geh_valley
Depths:3: mu_elephants_graveyard, layout_basic, enter_ziggurat_c, hell_entry,
          abyss_entry_small_statue_room, infiniplex_staircase_x
Depths:4: evilmike_zot_entry_castle, layout_gridlike, serial_shops, shop,
          abyss_entry, hell_entry, chequers_serial_rivers_small_b,
          grunt_decor_cap
Zot:1:    cheibrodos_zot_enchanting_chambers, layout_cathedral_of_symmetry
Zot:2:    layout_concentric_octagons, gammafunk_ghost_necromancy,
          hangedman_zot_decor_checkerboard, hangedman_elemental_grid_stream
Zot:3:    layout_gridlike
Zot:4:    layout_basic, grunt_ministairs_15, st_small_dragon_hoard_5,
          st_single_dragon_hoard_2
Zot:5:    layout_gridlike, hangedman_zot_diagonal_lockstep

Skill      XL: |  1  2  3  4  5  6  7  8  9 10 11 12 13 14 15 16 17 18 19 20 21 22 23 24 25 26 27 |
---------------+----------------------------------------------------------------------------------+-----
Fighting       | 4 5 10 12 15 17 18 19 20 | 20.0
Long Blades    | 3 4 5 7 8 11 14 16 19 20 22 24 25 27 | 27.0
Dodging        | 3 5 6 10 15 17 18 | 18.0
Stealth        | 5 |  5.0
Armour         | 1 3 5 8 10 14 15 18 19 | 19.0
Invocations    | 1 5 10 14 18 20 21 22 | 22.0
Crossbows      | 13 19 20 | 20.0

Action                   |  1- 3 |  4- 6 |  7- 9 | 10-12 | 13-15 | 16-18 | 19-21 | 22-24 | 25-27 || total
-------------------------+-------+-------+-------+-------+-------+-------+-------+-------+-------++-------
Melee: Falchion          |    84 |       |       |       |       |       |       |       |       ||    84
       Long sword        |    13 |   257 |   267 |       |       |       |       |       |       ||   537
       Punch             |       |     2 |     4 |       |       |       |       |       |       ||     6
       Scimitar          |       |       |    63 |    24 |    27 |       |       |       |       ||   114
       Great sword       |       |       |       |   437 |   115 |       |       |       |       ||   552
       Triple sword      |       |       |       |       |  1033 |  1046 |  1581 |  1113 |  1204 ||  5977
       Unarmed           |       |       |       |       |       |       |       |       |     3 ||     3
 Fire: Triple crossbow   |       |       |       |       |       |       |       |       |    41 ||    41
Throw: Dart              |       |       |     3 |     3 |       |     5 |       |       |       ||    11
       Throwing net      |       |       |       |       |       |     5 |     1 |       |       ||     6
Invok: Heal Self         |       |       |     2 |     4 |    17 |    30 |    21 |    17 |    18 ||   109
       Purification      |       |       |       |       |     2 |     1 |     3 |     1 |     1 ||     8
       Divine Vigour     |       |       |       |       |       |     3 |     2 |       |     1 ||     6
       Heal Other        |       |       |       |       |       |       |     2 |       |    15 ||    17
 Abil: Hop               |       |       |       |       |     1 |     4 |     2 |     3 |     9 ||    19
Evoke: Wand              |       |       |     3 |     8 |     1 |       |       |       |     4 ||    16
       Box of beasts     |       |       |       |       |       |     2 |     1 |     1 |     2 ||     6
  Use: Scroll            |       |     5 |     1 |    14 |    18 |     8 |     9 |     4 |     8 ||    67
       Potion            |       |       |       |       |     8 |    19 |     6 |     2 |    18 ||    53
 Stab: Sleeping          |     3 |    12 |     2 |     1 |       |       |       |       |       ||    18
       Distracted        |       |     1 |       |     1 |     2 |       |       |       |       ||     4
       Invisible         |       |       |       |       |    14 |    13 |       |       |       ||    27
       Paralysed         |       |       |       |       |     4 |       |       |       |       ||     4
       Held in net/web   |       |       |       |       |       |     1 |     1 |       |       ||     2
Armor: Leather armour    |    35 |    25 |       |       |       |       |       |       |       ||    60
       Ring mail         |       |    71 |       |       |       |       |       |       |       ||    71
       Scale mail        |       |       |   156 |   223 |    24 |       |       |       |       ||   403
       Chain mail        |       |       |       |       |   519 |   345 |       |       |       ||   864
       Crystal plate arm |       |       |       |       |       |   210 |  1158 |   699 |   720 ||  2787
       Skin              |       |       |       |       |       |       |       |       |     2 ||     2
Dodge: Dodged            |    83 |   279 |   284 |   391 |   701 |   909 |  1201 |   786 |   773 ||  5407
Block: Other             |       |       |       |       |    98 |   225 |   414 |   235 |   244 ||  1216
       Reflection        |       |       |       |       |       |    45 |    34 |    13 |     8 ||   100
